 Dungeon Crawl Stone Soup version 0.31-a0-986-g5e6e4ef867 (webtiles) character file.

Game seed: 8677369850297773690

121 Curundu the Chopper (level 4, -1/40 HPs)
             Began as a Draconian Berserker on Nov 8, 2023.
             Was a Priest of Trog.
             Killed from afar by hgbash's ghost (7 damage)
             ... with a magic dart
             ... on level 3 of the Dungeon on Nov 9, 2023.
             The game lasted 00:22:39 (3493 turns).

Curundu the Chopper (Draconian Berserker)           Turns: 3493, Time: 00:22:40

Health: -1/40      AC:  7    Str: 19    XL:     4   Next: 76%
Magic:  4/4        EV: 13    Int:  7    God:    Trog [***...]
Gold:   62         SH:  0    Dex: 13    Spells: 3/3 levels left

rFire   . . .        a - +0 hand axe
rCold   . . .        (no shield)
rNeg    + . .        (body armour unavailable)
rPois   .            (helmet restricted)
rElec   .            (no cloak)
rCorr   .            j - +0 pair of gloves
SInv    .            f - +0 pair of boots
Will    .....        (no amulet)
Stlth   +            h - ring of positive energy
HPRegen 0.26/turn    (no ring)
MPRegen 0.09/turn

%: no passive effects
@: no status effects
A: AC +5, unfitting armour, cold-blooded
a: Renounce Religion, Berserk, Trog's Hand


You were on level 3 of the Dungeon.
You worshipped Trog.
Trog was most pleased with you.
You visited 1 branch of the dungeon, and saw 3 of its levels.

You collected 62 gold pieces.

Inventory:

Hand Weapons
 a - a +0 hand axe (weapon)
 m - a +3 quarterstaff of chaos
Armour
 f - a +0 pair of boots (worn)
 j - a +0 pair of gloves (worn)
Jewellery
 h - a ring of positive energy (left hand)
Talismans
 c - a beast talisman
Wands
 l - a wand of flame (25)
Scrolls
 b - a scroll of silence {unknown}
 d - 5 scrolls of identify {unknown}
 g - 2 scrolls of fear {unknown}
 k - a scroll of teleportation {unknown}
 n - a scroll of vulnerability {unknown}
Potions
 e - 3 potions of magic {unknown}
 i - 3 potions of curing {unknown}


   Skills:
 + Level 3.9 Fighting
 + Level 4.4 Axes
 + Level 3.5 Dodging
 + Level 0.6 Stealth


You had 3 spell levels left.
You didn't know any spells.
Your spell library contained the following spells:

 Spells                   Type           Power      Damage    Failure   Level
 Apportation              Tloc           0%         N/A       43%         1
 Jinxbite                 Hex            0%         N/A       56%         2
 Alistair's Intoxication  Tmut/Pois      0%         N/A       100%        5


Dungeon Overview and Level Annotations

Branches:
Dungeon (3/15)

Altars:
Ashenzari

Annotations:
D:3 hgbash's ghost, novice OpCj


Innate Abilities, Weirdness & Mutations

Your plain brown scales are hard. (AC +5)
You cannot fit into any form of body armour.
You are cold-blooded and may be slowed by cold attacks.


Message History

There is a stone staircase leading down here.
Found a runed translucent door.
Found 2 scrolls labelled ARENO KUCRIN.
Hgbash's ghost turns its malevolent gaze towards you.
Hgbash's ghost tries to sneak away.
You open the door. You closely miss hgbash's ghost. Hgbash's ghost hits you.
You completely miss hgbash's ghost.
Your tail-slap misses hgbash's ghost.
Hgbash's ghost hits you.
You hit hgbash's ghost. You tail-slap hgbash's ghost.
Hgbash's ghost is lightly damaged.
Hgbash's ghost casts a spell at you. The magic dart hits you.
You closely miss hgbash's ghost.
Your tail-slap misses hgbash's ghost.
Hgbash's ghost is lightly damaged.
Hgbash's ghost hits you.
You hit hgbash's ghost.
Your tail-slap misses hgbash's ghost.
Hgbash's ghost is moderately damaged.
Hgbash's ghost hits you.
You slash hgbash's ghost!
Hgbash's ghost is heavily damaged.
Hgbash's ghost hits you. Hgbash's ghost closely misses you.
You closely miss hgbash's ghost.
Hgbash's ghost is heavily damaged.
Hgbash's ghost stares at you and mumbles some strange words.
The magic dart hits you!
* * * LOW HITPOINT WARNING * * *
You hit hgbash's ghost.
Hgbash's ghost is heavily damaged.
Hgbash's ghost stares at you and mumbles some strange words.
The magic dart hits you!
* * * LOW HITPOINT WARNING * * *
You closely miss hgbash's ghost.
Hgbash's ghost is heavily damaged.
Hgbash's ghost closely misses you.
You closely miss hgbash's ghost. You tail-slap hgbash's ghost.
Hgbash's ghost is severely damaged.
Hgbash's ghost casts a spell at you. The magic dart hits you!
You die... .#.# #.#.#### ##.###)#....######### ....................# ##...#.####.###..##.# ...#.#.# #.........### .#.#.#.## #####.......# ....<#..# #.......#### ... #..#.##.# #####...........
P.P

......#.# #.....@.....##..♣ ♣♣♣.P
###....)# #...##W#######.PP♣♣P...
..#.###.# #.#.#.?.#.# #.P♣♣P....
..#.# #.### #♣8♣#.# #.P♣P....#
###.# #..##########.####P♣♣..##.#
..#.# ##.................P♣......
..#.##########.####.####....#####
....... #.# #..# ##...# .......
#.# ##.# #...#


You could see hgbash's ghost.

Vanquished Creatures
  Crazy Yiuf (D:2)
  Robin (D:2)
  An adder (D:3)
  3 dart slugs
  An orc (D:3)
  5 endoplasms
  2 giant cockroaches (D:1)
  13 goblins
  8 hobgoblins
  9 kobolds
  3 quokkas
  2 ball pythons (D:2)
  3 bats (D:2)
  7 frilled lizards
  2 rats (D:1)
61 creatures vanquished.

Notes
Turn   | Place    | Note
-------+----------+-------------------------------------------
     0 | D:1      | Curundu the Draconian Berserker began the quest for the
                  | Orb.
     0 | D:1      | Reached XP level 1. HP: 19/19 MP: 1/1
   132 | D:1      | Reached XP level 2. HP: 26/26 MP: 2/2
   707 | D:1      | Reached ** piety under Trog
   813 | D:1      | Reached XP level 3. HP: 33/33 MP: 3/3
  1436 | D:2      | Noticed Robin
  1455 | D:2      | Killed Robin
  1464 | D:2      | Reached skill level 4 in Axes
  1476 | D:2      | Reached XP level 4. HP: 35/40 MP: 4/4
  1998 | D:2      | Found a runed translucent door.
  1999 | D:2      | Noticed Crazy Yiuf
  2009 | D:2      | Killed Crazy Yiuf
  2544 | D:3      | Reached *** piety under Trog
  3177 | D:3      | Identified the +0 scale mail "Wummoe Liuci" {Str+2}
  3258 | D:3      | Found a broken altar of Ashenzari.
  3468 | D:3      | Found a runed translucent door.
  3474 | D:3      | Noticed hgbash's ghost (novice OpCj)
  3493 | D:3      | Killed from afar by hgbash's ghost

Illustrated notes

Levels and vault maps discovered:
D:1:      dpeg_arrival_shelter, layout_basic, serial_corexii_hall,
          chequers_hall_statues_wall_a, corexii_hall_statues_deadend
D:2:      layout_loops_ring, serial_bayou_crossing, uniq_robin,
          uniq_crazy_yiuf_cottage
D:3:      layout_basic, evilmike_ruin_ashenzari, serial_forest,
          infiniplex_forest_zigzag_2, infiniplex_forest_clump_curved,
          infiniplex_forest_clump_tiny, infiniplex_forest_zigzag_1,
          infiniplex_forest_fountain, infiniplex_forest_straight_2,
          infiniplex_forest_lined_3, gammafunk_ghost_grave,
          kennysheep_pointless_box

Skill      XL: |  1  2  3 |
---------------+----------+-----
Dodging        | 3 |  3.5
Axes           | 4 |  4.4
Fighting       | |  3.9
Stealth        | |  0.6

Action                     |  1- 3 |  4- 6 || total
---------------------------+-------+-------++-------
  Melee: Hand axe          |   139 |   532 ||   671
         Tailslap          |    14 |   147 ||   161
         Punch             |       |     8 ||     8
   Stab: Sleeping          |       |     1 ||     1
 Armour: Skin              |    90 |    36 ||   126
  Dodge: Dodged            |    85 |    32 ||   117

Table legend: (Time is in decaauts)
 A = Elapsed time spent in this place.
 B = Non-inter-level travel time spent in this place.
 C = Inter-level travel time spent in this place.
 D = Time resting spent in this place.
 E = Time spent auto-exploring this place.
 F = Levels seen in this place.
 G = Mean time per level.
                   A        B        C        D        E       F      G
               +--------+--------+--------+--------+--------+-----+--------+
         Total |   3573 |   3573 |      0 |    284 |      0 |   3 | 1191.0 |
       Dungeon |   3573 |   3573 |      0 |    284 |      0 |   3 | 1191.0 |
               +--------+--------+--------+--------+--------+-----+--------+

Top non-repeatable levels by time:
     D:3: 1240 daAuts
     D:2: 1229 daAuts
     D:1: 1103 daAuts
